 Dungeon Crawl Stone Soup version 0.30-a0-222-ge547ba4400 (webtiles) character file.

Game seed: 13237067545738624504

105 qw the Chopper (level 4, 0/28 HPs)
             Began as a Gargoyle Fighter on Oct 8, 2022.
             Slain by a gnoll
             ... wielding a +0 spear
              (3 damage)
             ... on level 3 of the Dungeon.
             The game lasted 00:00:56 (2434 turns).

qw the Chopper (Gargoyle Fighter)                   Turns: 2434, Time: 00:00:56

Health: 0/28       AC: 12    Str: 22    XL:     4   Next: 83%
Magic:  4/4        EV:  7    Int:  8    God:
Gold:   166        SH:  4    Dex:  9    Spells: 3/3 levels left

rFire   + . .      SeeInvis .    Y - +0 war axe
rCold   . . .      Faith    .    c - +0 buckler
rNeg    + + .      Spirit   .    j - +0 chain mail
rPois   inf        Reflect  .    (no helmet)
rElec   +          Harm     .    (no cloak)
rCorr   .          Rampage  .    (no gloves)
Will    .....                    (no boots)
Stlth   ..........               e - amulet "Wygoamugg" {Acrobat rF+ rN+ Slay+2}
HPRegen 0.24/turn                (no ring)
MPRegen 0.09/turn                (no ring)

@: no status effects
A: sickness immunity, AC +3, negative energy resistance 1, electricity
resistance, torment resistance 1, petrification resistance
a: no special abilities


You were on level 3 of the Dungeon.
You visited 1 branch of the dungeon, and saw 3 of its levels.

You collected 166 gold pieces.


Innate Abilities, Weirdness & Mutations

You are immune to sickness and miasma.
Your stone body is resilient. (AC +3)
You are immune to poison.
You resist negative energy. (rN+)
You are resistant to electric shocks. (rElec)
You are resistant to unholy torment.
You are immune to petrification.


   Skills:
 - Level 3.2 Fighting
 + Level 4.4 Axes
 - Level 3.2 Armour
 - Level 3.2 Shields


You had 3 spell levels left.
You didn't know any spells.
Your spell library was empty.

Inventory:

Hand Weapons
 h - a +0 flail
 Y - a +0 war axe (weapon)
Armour
 c - a +0 buckler (worn)
 j - a +0 chain mail (worn)
 m - an orb of mayhem
Jewellery
 b - a +6 ring of intelligence
 e - the amulet "Wygoamugg" (around neck) {Acrobat rF+ rN+ Slay+2}
   (You found it on level 2 of the Dungeon)

   [amulet of the acrobat]

   It increases your evasion while moving and waiting.
   Slay:      It affects your accuracy & damage with ranged weapons and melee
   (+2).
   rF:        It protects you from fire.
   rN:        It protects you from negative energy.
Scrolls
 i - a scroll of identify
 k - a scroll of blinking {unknown}
 l - a scroll of butterflies {unknown}
Potions
 a - a potion of degeneration {unknown}
 d - 2 potions of might
 f - 2 potions of berserk rage {unknown}
 g - a potion of cancellation

Dungeon Overview and Level Annotations

Branches:
Dungeon (3/15)

Altars:


Message History

Things that are here:
a +0 club; a +0 leather armour; an orc corpse You slash the gnoll!
The gnoll is severely wounded.
You block the gnoll's attack. The gnoll hits you with a +0 halberd!
You barely miss the gnoll.
The gnoll is severely wounded.
The gnoll hits you with a +0 halberd.
You barely miss the gnoll.
The gnoll is severely wounded.
The gnoll hits you but does no damage.
You slash the gnoll!
You kill the gnoll!
The gnoll hits you with a +0 club.
You slash the gnoll!
The gnoll is severely wounded.
The gnoll hits you but does no damage. The gnoll barely misses you.
You barely miss the gnoll.
The gnoll is severely wounded.
The gnoll hits you from afar with a +0 spear!
The gnoll hits you with a +0 club.
You barely miss the gnoll.
The gnoll is severely wounded.
The gnoll hits you but does no damage. The gnoll hits you with a +0 club.
You slash the gnoll!
You kill the gnoll!
The gnoll closely misses you. The gnoll barely misses you.
The gnoll barely misses you.
Things that are here:
a +0 club; a +0 halberd; a gnoll corpse You slash the gnoll!
The gnoll is severely wounded.
The gnoll barely misses you.
You hit the gnoll.
The gnoll is almost dead.
The gnoll hits you with a +0 spear.
You completely miss the gnoll.
The gnoll is almost dead.
The gnoll hits you with a +0 spear. x2
You die...

#.# #.##.#
#.# #.##.#
#.#
#.##.########
#.#
#..%.........
#.#
####.######.#
#.# #... #.#
##.## ####.#
#.#
#..)#########
# #.#
#.#.)@g......
...
#...####...#.
#.# ##### ...
... # ... ...
. . #.. #..


You could see a gnoll.

Vanquished Creatures
  3 gnolls
  A worm (D:2)
  2 dart slugs
  3 orcs (D:3)
  7 ball pythons
  2 bats
  6 endoplasms
  2 giant cockroaches
  9 goblins
  4 hobgoblins
  4 jackals (D:1)
  5 quokkas
  5 frilled lizards
  4 kobolds
  2 rats
59 creatures vanquished.

Vanquished Creatures (others)
  A plant (D:1)
1 creature vanquished.

Grand Total: 60 creatures vanquished

Notes
Turn   | Place    | Note
-------+----------+-------------------------------------------
     0 | D:1      | qw the Gargoyle Fighter began the quest for the Orb.
     0 | D:1      | Reached XP level 1. HP: 14/14 MP: 1/1
     0 | D:1      | 0 ||| qw: Version: 0.2-a-17-gfa9de96
     0 | D:1      | 0 ||| qw: Game counter: 1992
     0 | D:1      | 0 ||| qw: Always use a shield: true
     0 | D:1      | 0 ||| qw: God list: Okawaru
     0 | D:1      | 0 ||| qw: Allow faded altars: false
     0 | D:1      | 0 ||| qw: Do Orc after D:15 true
     0 | D:1      | 0 ||| qw: Do second Lair branch before Depths: true
     0 | D:1      | 0 ||| qw: Lair rune preference: random
     0 | D:1      | 0 ||| qw: Plans: Normal, Zot:1-4, God:TSO, Crypt, Tomb,
                  | Pan, Slime:5, Hells, Abyss, Orb
     0 | D:1      | 0 ||| PLANNING D:1-11
    49 | D:1      | Reached skill level 2 in Axes
   143 | D:1      | 143 ||| Stepping ~*~*~tactically~*~*~ (stealth).
   145 | D:1      | 145 ||| Stepping ~*~*~tactically~*~*~ (stealth).
   152 | D:1      | Reached XP level 2. HP: 19/19 MP: 2/2
   302 | D:1      | 302 ||| Stepping ~*~*~tactically~*~*~ (stealth).
   311 | D:1      | Reached skill level 3 in Axes
   311 | D:1      | Reached XP level 3. HP: 22/23 MP: 3/3
   315 | D:1      | 315 ||| DROPPING +0 whip.
   330 | D:1      | 330 ||| Stepping ~*~*~tactically~*~*~ (stealth).
   365 | D:1      | 365 ||| Stepping ~*~*~tactically~*~*~ (stealth).
   502 | D:1      | 502 ||| Stepping ~*~*~tactically~*~*~ (hiding).
  1041 | D:1      | 1041 ||| READING scroll labelled VIR GAXEEZ.
  1042 | D:1      | 1042 ||| READING scroll labelled GICZOE MOANKIA.
  1043 | D:1      | 1043 ||| READING scroll labelled NITEROU UHUADE.
  1105 | D:2      | 1105 ||| Stepping ~*~*~tactically~*~*~ (hiding).
  1306 | D:2      | Identified the amulet "Wygoamugg" {Acrobat rF+ rN+ Slay+2}
  1335 | D:2      | Reached XP level 4. HP: 28/28 MP: 4/4
  1444 | D:2      | Identified the +6 whip of Theory {vorpal, rElec Stlth+}
  1446 | D:2      | 1446 ||| DROPPING +6 whip of Theory {vorpal, rElec Stlth+}.
  1835 | D:2      | 1835 ||| UPGRADING to +0 chain mail.
  1845 | D:2      | 1845 ||| DROPPING +0 scale mail.
  1846 | D:2      | 1846 ||| UPGRADING to amulet "Wygoamugg" {Acrobat rF+ rN+
                  | Slay+2}.
  1851 | D:2      | 1851 ||| READING scroll labelled GYACEI RERIEKO.
  1854 | D:2      | 1854 ||| DRINKING 2 sedimented golden potions.
  2126 | D:3      | Reached skill level 4 in Axes
  2187 | D:3      | 2187 ||| Stepping ~*~*~tactically~*~*~ (stealth).
  2393 | D:3      | 2393 ||| Stepping ~*~*~tactically~*~*~ (stealth).
  2400 | D:3      | 2400 ||| Stepping ~*~*~tactically~*~*~ (stealth).
  2417 | D:3      | 2417 ||| Stepping ~*~*~tactically~*~*~ (hiding).
  2433 | D:3      | HP: 5/28 [gnoll/+0 spear (4)]
  2434 | D:3      | Slain by a gnoll

Levels and vault maps discovered:
D:1:      reono_arrival_mine, layout_basic, minmay_misc_feat_alley,
          nicolae_grassy_gnolls
D:2:      layout_basic, eino_curves_03
D:3:      layout_loops_ring, amethyst_killhole

Skill      XL: |  1  2  3  4 |
---------------+-------------+-----
Axes           | 2 3 4 |  4.4
Fighting       | |  3.2
Armour         | |  3.2
Shields        | |  3.2

Action                   |  1- 3 |  4- 6 || total
-------------------------+-------+-------++-------
Melee: War axe           |    88 |    88 ||   176
  Use: Scroll            |     3 |     1 ||     4
       Potion            |       |     1 ||     1
Armor: Scale mail        |    37 |     5 ||    42
       Chain mail        |       |    37 ||    37
Dodge: Dodged            |    45 |    35 ||    80
Block: Buckler           |    13 |     8 ||    21

Table legend:
 A = Non-vault XP
 B = Vault XP
 C = Vault XP percentage of total XP
 D = Non-vault monster count
 E = Vault monster count
 F = Vault count percentage of total count
                 A         B        C        D         E       F
            +---------+---------+-------+---------+---------+-------
      Total |     137 |      14 |   9.3 |      58 |       1 |   1.7
            +---------+---------+-------+---------+---------+-------
        D:1 |      54 |      14 |  20.6 |      28 |       1 |   3.4
        D:2 |      28 |       0 |   0.0 |      14 |       0 |   0.0
        D:3 |      55 |       0 |   0.0 |      16 |       0 |   0.0
            +---------+---------+-------+---------+---------+-------
